AoeStats
← Chigüiro

Oasis

509021124Analyzed
4v4 RM · 7d ago on Sep 25, 2026· 38m 39s· 8 players
Game mode
Random Map
Map size
Large (8 player)
Population
200
Speed
Normal
Resources
Standard
Victory
Conquest
Starting age
Dark Age
Ending age
Imperial Age
RankedLock teamsTeams togetherTeam positionsShared explorationLock speedFull tech treeHidden civsTurbo modeCheats
Victory
Defeat
🇦🇷 Hindustanis · Argentina
1645
+12
🇦🇷 Saracens · Argentina
1618
+13
🇦🇷 Japanese · Argentina
1568
+15
🇨🇴 Magyars · Colombia
1499
+19
🇲🇽 Magyars · Mexico
1628
-18
🇲🇽 Khmer · Mexico
1615
-17
🇲🇽 Ethiopians · Mexico
1560
-15
🇲🇽 Gurjaras · Mexico
1403
-9
eL| Barry_Allen
7:16 Loom
9:31 Feudal Age
13:19 Fletching
14:49 Padded Archer Armor
23:04 Castle Age
21:39 Double-Bit Axe
23:05 Crossbowman
23:42 Bodkin Arrow
24:17 Leather Archer Armor
24:13 Bow Saw
25:19 Ballistics
26:27 Thumb Ring
27:19 Wheelbarrow
30:03 Gold Mining
32:42 Horse Collar
37:45 Imperial Age
38:10 Hand Cart
38:52 Gold Shaft Mining
38:08 Stone Mining
37:49 Arbalester
38:33 Bracer
39:04 Ring Archer Armor
VX | Obligame Perro!
7:01 Loom
9:54 Feudal Age
10:22 Double-Bit Axe
18:15 Scale Barding Armor
23:27 Bloodlines
26:58 Castle Age
27:00 Light Cavalry
28:01 Chain Barding Armor
27:43 Husbandry
31:57 Fletching
NO MAMES
9:03 Feudal Age
8:26 Loom
10:35 Double-Bit Axe
10:37 Horse Collar
16:42 Scale Barding Armor
17:40 Forging
22:55 Castle Age
21:22 Gold Mining
22:16 Bloodlines
22:59 Light Cavalry
24:00 Chain Barding Armor
24:36 Husbandry
28:42 Wheelbarrow
37:57 Town Watch
VX | JARV
8:49 Loom
10:43 Feudal Age
12:26 Double-Bit Axe
12:59 Fletching
17:45 Padded Archer Armor
18:25 Horse Collar
25:05 Castle Age
25:07 Crossbowman
25:43 Bodkin Arrow
27:07 Bow Saw
Chigüiro
9:38 Feudal Age
10:25 Loom
10:45 Double-Bit Axe
13:59 Scale Barding Armor
22:41 Castle Age
21:26 Gold Mining
21:18 Horse Collar
21:54 Bloodlines
22:47 Light Cavalry
24:06 Chain Barding Armor
26:39 Husbandry
36:36 Wheelbarrow
38:50 Imperial Age
37:50 Gold Shaft Mining
37:28 Bow Saw
38:42 Heavy Plow
38:58 Hand Cart
BOT Douglas
5:13 Loom
9:51 Feudal Age
10:38 Double-Bit Axe
12:16 Town Watch
14:29 Fletching
16:24 Padded Archer Armor
25:53 Castle Age
25:55 Crossbowman
26:35 Bodkin Arrow
31:27 Ballistics
32:59 Thumb Ring
33:07 Horse Collar
38:46 Wheelbarrow
AM | Pipi Romagnoli
7:14 Loom
9:46 Feudal Age
10:11 Man-at-Arms
13:54 Fletching
19:32 Double-Bit Axe
21:03 Horse Collar
22:01 Padded Archer Armor
25:11 Castle Age
25:24 Wheelbarrow
25:35 Crossbowman
26:22 Bodkin Arrow
26:45 Bow Saw
31:54 Ballistics
31:59 Thumb Ring
37:44 Hand Cart
37:14 Town Watch
40:51 Imperial Age
Cannoli
7:11 Loom
9:07 Feudal Age
10:30 Double-Bit Axe
10:25 Horse Collar
17:49 Wheelbarrow
17:22 Scale Barding Armor
18:37 Forging
22:03 Castle Age
20:46 Bloodlines
21:22 Gold Mining
23:15 Bow Saw
23:05 Heavy Plow
23:14 Husbandry
22:59 Light Cavalry
27:54 Chain Barding Armor
33:27 Hand Cart
32:59 Town Watch
33:09 Stone Mining
36:24 Gold Shaft Mining
38:53 Imperial Age
38:05 Gold Shaft Mining
38:05 Stone Shaft Mining
38:09 Iron Casting
Connection lost

Rejoining the realm…

Still unreachable

The connection could not be restored.

Session expired

The server has moved on; the page needs a fresh start.